 Dungeon Crawl Stone Soup version 0.24.0-123-gd5b16e6ec5 (webtiles) character file.

Game seed: 11156509905430640944, levelgen mode: deterministic

130 FishyPogo the Charmwright (level 5, -3/43 HPs)
             Began as a Gnoll Skald on Dec 23, 2019.
             Slain by Sigmund
             ... wielding a +1 scythe of protection
              (5 damage)
             ... on level 2 of the Dungeon.
             The game lasted 00:05:51 (1501 turns).

FishyPogo the Charmwright (Gnoll Skald)             Turns: 1501, Time: 00:05:51

Health: -3/43      AC:  3    Str: 14    XL:     5   Next: 14%
Magic:  12/12      EV: 14    Int: 15    God:
Gold:   122        SH:  0    Dex: 15    Spells: 3/14 levels left

rFire    . . .     SeeInvis .   a - +0 short sword
rCold    . . .     Gourm    .   (no shield)
rNeg     . . .     Faith    .   n - +0 leather armour
rPois    .         Spirit   .   (no helmet)
rElec    .         Reflect  .   (no cloak)
rCorr    .         Harm     .   (no gloves)
MR       .....                  (no boots)
Stlth    ++........             (no amulet)
HPRegen  0.14/turn              (no ring)
MPRegen  0.13/turn              (no ring)

@: shrouded
A: distributed training, fangs 1, strong nose
a: no special abilities


You were on level 2 of the Dungeon.
You were not hungry.

You visited 1 branch of the dungeon, and saw 2 of its levels.

You collected 122 gold pieces.

Inventory:

Hand Weapons
 a - a +0 short sword (weapon)
 b - a +1 hunting sling of flaming
 f - a +0 whip of freezing
Missiles
 e - 18 sling bullets
 i - 50 stones (quivered)
Armour
 n - a +0 leather armour (worn)
Scrolls
 c - a scroll of enchant weapon {unknown}
Comestibles
 d - 2 rations
 h - a chunk of flesh


   Skills:
 + Level 4.7 Fighting
 + Level 4.7 Short Blades
 + Level 1.3 Long Blades
 + Level 1.3 Axes
 + Level 1.3 Maces & Flails
 + Level 1.3 Polearms
 + Level 1.3 Staves
 + Level 1.3 Slings
 + Level 1.3 Bows
 + Level 1.3 Crossbows
 + Level 1.3 Throwing
 + Level 2.9 Armour
 + Level 4.7 Dodging
 + Level 1.3 Stealth
 + Level 1.3 Shields
 + Level 1.3 Unarmed Combat
 + Level 5.1 Spellcasting
 + Level 1.1 Conjurations
 + Level 1.1 Hexes
 + Level 5.5 Charms
 + Level 1.1 Summonings
 + Level 1.1 Necromancy
 + Level 1.1 Translocations
 + Level 1.1 Transmutations
 + Level 1.1 Fire Magic
 + Level 1.1 Ice Magic
 + Level 1.1 Air Magic
 + Level 1.1 Earth Magic
 + Level 1.1 Poison Magic
 + Level 1.5 Invocations
 + Level 1.3 Evocations


You had 3 spell levels left.
You knew the following spells:

 Your Spells              Type           Power        Failure   Level  Hunger
h - Regeneration          Chrm/Necr      ##........   16%         3    ###....
n - Spectral Weapon       Hex/Chrm       ##......     16%         3    ###....
p - Shroud of Golubria    Chrm/Tloc      ##....       8%          2    ##.....
u - Song of Slaying       Chrm           ###.....     3%          2    ##.....
y - Infusion              Chrm           ###.         1%          1    None

Your spell library contained the following spells:

 Spells                   Type           Power        Failure   Level  Hunger


Dungeon Overview and Level Annotations

Branches:
Dungeon (2/15)

Altars:

Annotations:
D:2 Sigmund


Innate Abilities, Weirdness & Mutations

Your experience applies equally to all skills.
You have very sharp teeth.
Your uncanny sense of smell can sniff out nearby items.


Message History

You closely miss something. Your bite misses something.
You hit something but do no damage. Something hits you.
Casting: Regeneration (safe; 16% risk of failure)
Confirm with . or Enter, or press ? or * to list all spells.
Space distorts slightly along a thin shroud covering your body.
Something hits you!
You closely miss something. You hit something but do no damage.
Your skin stops crawling.
Something hits you but does no damage.
You miss something. You closely miss something.
Your shroud bends something's attack away.
You hit something but do no damage. You closely miss something.
Something hits you but does no damage.
You miss something. Something hits you!
* * * LOW HITPOINT WARNING * * *
You closely miss something.
It was a potion of magic.
Magic courses through your body. Something hits you.
You die...

#.#
#.##.##.#####.####.#.....#
##.###.##..#.# #..#
#.#.....# #..........#.#
#.## #.###.###
#..###.##..#># #. #.....#
#..# #.##..#.# #. #######
###..###.##..#.####.#
.....{÷..##...........
.....###@##################
####.###.#......@{(........
#.#..@#.....####.(.(#..
####.#@#.#...### #...(#
.....#.#.#..#######....#
###..#..##..##........##
#..#.###.###....#...#
#...## #.# #....#...#
#.##.###.# #...##..## ##.#
#.#...##.###÷####..# ...#


There were no monsters in sight!

Vanquished Creatures
  4 gnolls (D:2)
  4 adders (D:2)
  2 oozes (D:2)
  A dart slug (D:2)
  2 giant cockroaches
  3 hobgoblins
  7 jackals (D:2)
  4 kobolds
  7 bats
  3 frilled lizards (D:2)
  8 goblins
  5 rats
50 creatures vanquished.

Notes
Turn   | Place    | Note
-------+----------+-------------------------------------------
     0 | D:1      | FishyPogo the Gnoll Skald began the quest for the Orb.
     0 | D:1      | Reached XP level 1. HP: 20/20 MP: 6/6
   434 | D:1      | Reached XP level 2. HP: 19/26 MP: 7/7
   706 | D:2      | Reached skill level 5 in Spellcasting
   706 | D:2      | Reached XP level 3. HP: 24/31 MP: 0/9
   719 | D:2      | Learned a level 2 spell: Song of Slaying
   722 | D:2      | Learned a level 2 spell: Shroud of Golubria
   727 | D:2      | Learned a level 3 spell: Regeneration
   731 | D:2      | Learned a level 3 spell: Spectral Weapon
   738 | D:2      | Reached skill level 1 in Invocations
   795 | D:2      | Reached skill level 1 in Long Blades
   795 | D:2      | Reached skill level 1 in Axes
   795 | D:2      | Reached skill level 1 in Maces & Flails
   795 | D:2      | Reached skill level 1 in Polearms
   795 | D:2      | Reached skill level 1 in Staves
   795 | D:2      | Reached skill level 1 in Slings
   795 | D:2      | Reached skill level 1 in Bows
   795 | D:2      | Reached skill level 1 in Crossbows
   795 | D:2      | Reached skill level 1 in Throwing
   795 | D:2      | Reached skill level 1 in Stealth
   795 | D:2      | Reached skill level 1 in Shields
   795 | D:2      | Reached skill level 1 in Unarmed Combat
   795 | D:2      | Reached skill level 1 in Evocations
   795 | D:2      | Reached XP level 4. HP: 30/38 MP: 6/11
  1146 | D:2      | Reached skill level 1 in Conjurations
  1146 | D:2      | Reached skill level 1 in Hexes
  1146 | D:2      | Reached skill level 1 in Summonings
  1146 | D:2      | Reached skill level 1 in Necromancy
  1146 | D:2      | Reached skill level 1 in Translocations
  1146 | D:2      | Reached skill level 1 in Transmutations
  1146 | D:2      | Reached skill level 1 in Fire Magic
  1146 | D:2      | Reached skill level 1 in Ice Magic
  1146 | D:2      | Reached skill level 1 in Air Magic
  1146 | D:2      | Reached skill level 1 in Earth Magic
  1146 | D:2      | Reached skill level 1 in Poison Magic
  1221 | D:2      | Reached XP level 5. HP: 26/43 MP: 8/12
  1222 | D:2      | Noticed Sigmund
  1499 | D:2      | HP: 1/43 [something (13)]
  1501 | D:2      | Slain by Sigmund

Levels and vault maps discovered:
D:1:      dpeg_arrival_pits, layout_loops_ring
D:2:      minmay_recursive_quarters, layout_loops_ring, first_ration,
          uniq_sigmund

Skill      XL: |  1  2  3  4 |
---------------+-------------+-----
Spellcasting   | 5 |  5.1
Invocations    | 1 |  1.5
Long Blades    | 1 |  1.3
Axes           | 1 |  1.3
Maces & Flails | 1 |  1.3
Polearms       | 1 |  1.3
Staves         | 1 |  1.3
Slings         | 1 |  1.3
Bows           | 1 |  1.3
Crossbows      | 1 |  1.3
Throwing       | 1 |  1.3
Stealth        | 1 |  1.3
Shields        | 1 |  1.3
Unarmed Combat | 1 |  1.3
Evocations     | 1 |  1.3
Conjurations   | 1 |  1.1
Hexes          | 1 |  1.1
Summonings     | 1 |  1.1
Necromancy     | 1 |  1.1
Translocations | 1 |  1.1
Transmutations | 1 |  1.1
Fire Magic     | 1 |  1.1
Ice Magic      | 1 |  1.1
Air Magic      | 1 |  1.1
Earth Magic    | 1 |  1.1
Poison Magic   | 1 |  1.1
Fighting       | |  4.7
Short Blades   | |  4.7
Armour         | |  2.9
Dodging        | |  4.7
Charms         | |  5.5

Action                   |  1- 3 |  4- 6 || total
-------------------------+-------+-------++-------
Melee: Short sword       |    52 |   129 ||   181
       Bite              |     3 |    12 ||    15
       Punch             |       |     1 ||     1
       Whip              |       |     9 ||     9
 Fire: Hunting sling     |       |     2 ||     2
Throw: Stone             |     5 |     2 ||     7
       Dart              |       |     5 ||     5
 Cast: Infusion          |     1 |       ||     1
       Shroud of Golubri |     1 |    14 ||    15
       Spectral Weapon   |     1 |       ||     1
       Song of Slaying   |       |     1 ||     1
       Regeneration      |       |     5 ||     5
  Use: Potion            |       |     3 ||     3
       Scroll            |       |     2 ||     2
  Eat: Chunk             |       |     3 ||     3
Armor: Leather armour    |     5 |    26 ||    31
Dodge: Dodged            |    35 |   102 ||   137
